 Dungeon Crawl Stone Soup version 0.31-a0-180-g519b7de00c (webtiles) character file.

Game seed: 6325819178440060517

35 Maxmaps the Vexing (level 3, 0/26 HPs)
             Began as a Demonspawn Hexslinger on June 19, 2023.
             Slain by Grinder (6 damage)
             ... while paralysed by Grinder
             ... on level 3 of the Dungeon.
             The game lasted 00:01:20 (1927 turns).

Maxmaps the Vexing (Demonspawn Hexslinger)          Turns: 1927, Time: 00:01:21

Health: 0/26       AC:  5    Str:  8    XL:     3   Next: 16%
Magic:  4/4        EV:  2    Int: 16    God:
Gold:   125        SH:  0    Dex: 15    Spells: 3/4 levels left

rFire   . . .        h - +0 spear
rCold   . . .        (no shield)
rNeg    . . .        o - +0 ring mail
rPois   .            (no helmet)
rElec   .            (no cloak)
rCorr   .            (no gloves)
SInv    .            (no boots)
Will    .....        (no amulet)
Stlth   +            (no ring)
HPRegen 0.24/turn    (no ring)
MPRegen 0.09/turn

%: no passive effects
@: paralysed, mighty
A: demonic guardian 1
a: no special abilities


You were on level 3 of the Dungeon.
You visited 1 branch of the dungeon, and saw 3 of its levels.

You collected 125 gold pieces.

Inventory:

Hand Weapons
 a - a +1 sling
 h - a +0 spear (weapon)
Armour
 o - a +0 ring mail (worn)
Scrolls
 b - a scroll of poison
 c - a scroll of identify
 i - a scroll of enchant weapon {unknown}
 j - 2 scrolls of enchant armour {unknown}
 k - a scroll of teleportation {unknown}
 l - a scroll of fog {unknown}
 n - a scroll of immolation {unknown}
Potions
 e - a potion of cancellation {unknown}
 g - a potion of attraction {unknown}
 m - 2 potions of mutation


   Skills:
 - Level 1.0 Fighting
 + Level 1.7 Polearms
 - Level 2.6 Ranged Weapons
 - Level 1.7 Dodging
 - Level 1.0 Spellcasting
 - Level 3.0 Hexes


You had 3 spell levels left.
You knew the following spells:

 Your Spells              Type           Power      Damage    Failure   Level
a - Slow                  Hex            40%        N/A       21%         1

Your spell library contained the following spells:

 Spells                   Type           Power      Damage    Failure   Level
 Inner Flame              Hex/Fire       5%         N/A       75%         3
 Portal Projectile        Hex/Tloc       10%        N/A       75%         3
 Cause Fear               Hex            5%         N/A       90%         4


Dungeon Overview and Level Annotations

Branches:
Dungeon (3/15)

Altars:

Annotations:
D:3 Grinder


Innate Abilities, Weirdness & Mutations

A weak demonic guardian rushes to your aid.


Message History

Grinder closely misses you. Grinder gestures at you.
You suddenly lose the ability to move!
The ball python barely misses you. The ball python grabs you.
The ball python constricts you.
Grinder blinks!
The ball python bites you but does no damage.
The ball python constricts you.
You can move again.
You escape the ball python's grasp.
It was a potion of might.
You feel very mighty all of a sudden. The ball python closely misses you.
The ball python grabs you. The ball python constricts you.
You are too injured to fight recklessly!
You are too injured to fight recklessly!
Reach: h) +0 spear
Press: ? - help, Dir - move target, f - ball python, p - Grinder
Aim: a ball python (constricting you, about 43% to evade your +0 spear)
You puncture the ball python!
You kill the ball python!
Reach: h) +0 spear
Press: ? - help, Dir - move target, f - Grinder
Aim: Grinder (lightly wounded, about 43% to evade your +0 spear)
You reach to attack!
You hit Grinder.
Grinder is lightly wounded.
Reach: h) +0 spear
Press: ? - help, Dir - move target, f/p - Grinder
Aim: Grinder (lightly wounded, about 43% to evade your +0 spear)
You puncture Grinder!
Grinder is moderately wounded.
Grinder gestures at you.
You suddenly lose the ability to move!
Grinder hits you but does no damage. Grinder hits you!
* * * LOW HITPOINT WARNING * * *
You writhe in agony.
* * * LOW HITPOINT WARNING * * *
A demonic guardian appears!
Grinder hits you.
You die...

######## ### #.##.#.# #.#
##....#.########.#
.#.##.#..........#
.#.##.#.########.#
.#.##.#.# #@# .#....#.#
#5#+## .###..#'####
#5...#
...#.......#............)
...........#.............
...........#.!...........
...........+.........##..
+#+#.......######...... .
............. ..>.....


You could see Grinder (ally target) and a friendly shadow imp (summoned).

Vanquished Creatures
  2 dart slugs (D:2)
  An orc (D:2)
  7 ball pythons
  4 bats
  2 endoplasms (D:2)
  2 giant cockroaches
  A goblin (D:1)
  A hobgoblin (D:1)
  2 frilled lizards
  2 kobolds
  5 rats
29 creatures vanquished.

Notes
Turn   | Place    | Note
-------+----------+-------------------------------------------
     0 | D:1      | Maxmaps the Demonspawn Hexslinger began the quest for the
                  | Orb.
     0 | D:1      | Reached XP level 1. HP: 15/15 MP: 2/2
   366 | D:1      | Gained mutation: A weak demonic guardian rushes to your
                  | aid. [demonic ancestry]
   366 | D:1      | Reached XP level 2. HP: 21/21 MP: 3/3
  1094 | D:2      | Reached skill level 1 in Polearms
  1810 | D:2      | Reached XP level 3. HP: 23/26 MP: 4/4
  1905 | D:3      | Noticed Grinder
  1908 | D:3      | Paralysed by Grinder for 2 turns
  1917 | D:3      | Paralysed by Grinder for 3 turns
  1924 | D:3      | Paralysed by Grinder for 5 turns
  1927 | D:3      | Slain by Grinder

Illustrated notes

Levels and vault maps discovered:
D:1:      saegor_arrival_under_anarchy, layout_loops_ring, serial_forest,
          infiniplex_forest_lined_4_way, infiniplex_forest_lined_ring,
          infiniplex_forest_lined_ring, infiniplex_forest_split,
          infiniplex_forest_lined_2, infiniplex_forest_pool,
          infiniplex_forest_corner_1, infiniplex_forest_clump_diagonal
D:2:      layout_loops_corners
D:3:      layout_basic, uniq_grinder

Skill      XL: |  1  2 |
---------------+-------+-----
Ranged Weapons | 2 |  2.6
Polearms       | 1 |  1.7
Fighting       | |  1.0
Dodging        | |  1.7
Spellcasting   | |  1.0
Hexes          | |  3.0

Action                     || total
---------------------------++-------
  Melee: Spear             ||    75
   Fire: Sling             ||    27
    Use: Scroll            ||     1
         Potion            ||     1
   Stab: Sleeping          ||     1
 Armour: Leather armour    ||    18
         Ring mail         ||    26
  Dodge: Dodged            ||    36

Table legend: (Time is in decaauts)
 A = Elapsed time spent in this place.
 B = Non-inter-level travel time spent in this place.
 C = Inter-level travel time spent in this place.
 D = Time resting spent in this place.
 E = Time spent auto-exploring this place.
 F = Levels seen in this place.
 G = Mean time per level.
                   A        B        C        D        E       F      G
               +--------+--------+--------+--------+--------+-----+--------+
         Total |   1938 |   1802 |    136 |      0 |   1571 |   3 |  646.0 |
       Dungeon |   1938 |   1802 |    136 |      0 |   1571 |   3 |  646.0 |
               +--------+--------+--------+--------+--------+-----+--------+

Top non-repeatable levels by time:
     D:2: 963 daAuts
     D:1: 895 daAuts
     D:3: 80 daAuts
